 Dungeon Crawl Stone Soup version 0.29-a0-214-g17f627cfee (webtiles) character file.

Game seed: 2973765673015310376

2387 mcwallace the Covered (level 9, 0/55 HPs)
             Began as a Tengu Fighter on Feb 24, 2022.
             Killed by divine providence
             ... invoked by an orc priest
              (6 damage)
             ... on level 7 of the Dungeon.
             The game lasted 00:11:03 (6617 turns).

mcwallace the Covered (Tengu Fighter)               Turns: 6617, Time: 00:11:04

Health: 0/55       AC: 15    Str: 16    XL:     9   Next: 46%
Magic:  0/25       EV: 14    Int:  8    God:
Gold:   180        SH:  6    Dex: 19    Spells: 17/17 levels left

rFire   . . .      SeeInvis +   a - +11 dagger of Beogh's Hope {vorpal, MP+9, short}
rCold   . . .      Faith    .   c - +0 buckler
rNeg    . . .      Spirit   +   b - +0 scale mail
rPois   .          Reflect  .   (helmet restricted)
rElec   .          Harm     .   W - +2 cloak {rCorr}
rCorr   +          Rampage  .   (no gloves)
Will    .....                   (boots unavailable)
Stlth   ..........              o - amulet of guardian spirit
HPRegen 0.18/turn               P - +4 ring of protection
MPRegen 0.19/turn               i - ring of see invisible

@: flying quickly and evasively, quick
A: beak, talons 3, nimble flight
a: no special abilities


You were on level 7 of the Dungeon.
You visited 1 branch of the dungeon, and saw 7 of its levels.

You collected 375 gold pieces.
You spent 195 gold pieces at shops.


Innate Abilities, Weirdness & Mutations

You have a beak for a mouth.
You have claws for feet.
Your magical nature lets you fly swiftly and evasively.


   Skills:
 + Level 6.2 Fighting
 - Level 3.6 Short Blades
 + Level 6.8 Armour
 + Level 5.7 Dodging
 + Level 6.2 Shields
 + Level 4.6 Spellcasting


You had 17 spell levels left.
You didn't know any spells.
Your spell library contained the following spells:

 Spells                   Type           Power      Damage    Failure   Level
 Beastly Appendage        Tmut           2%         N/A       75%         1
 Magic Dart               Conj           4%         1d3       75%         1
 Shock                    Conj/Air       4%         1d3       75%         1
 Searing Ray              Conj           2%         2d4       86%         2
 Wereblood                Tmut           1%         N/A       86%         2
 Spider Form              Tmut/Pois      1%         N/A       98%         3
 Stone Arrow              Conj/Erth      2%         3d7       98%         3
 Swiftness                Air            1%         N/A       98%         3
 Airstrike                Air            0%         N/A       100%        4
 Animate Armour           Summ/Erth      2%         N/A       100%        4
 Fulminant Prism          Conj/Hex       0%         3d6       100%        4
 Lehudib's Crystal Spear  Conj/Erth      0%         10d2      100%        8

Inventory:

Hand Weapons
 a - the +11 dagger of Beogh's Hope (weapon) {vorpal, MP+9, short}
   (You found it on level 6 of the Dungeon)

   It inflicts extra damage upon your enemies.
   MP:        It affects your magic capacity (+9).
 E - a +1 whip of electrocution {mace}
   (You took it off a kobold on level 3 of the Dungeon)
 H - a +1 demon trident of venom {polearm}
   (You found it on level 3 of the Dungeon)
Missiles
 k - 90 stones (quivered) {throwing}
 x - 2 boomerangs {throwing}
 F - 2 javelins {throwing}
 T - 3 poisoned darts {throwing}
Armour
 b - a +0 scale mail (worn)
 c - a +0 buckler (worn)
 z - a +0 ring mail
   (You took it off an orc on level 3 of the Dungeon)
 B - a +0 leather armour
   (You took it off an orc on level 3 of the Dungeon)
 D - a +0 robe
   (You took it off Jessica on level 3 of the Dungeon)
 I - a +0 robe
   (You found it on level 3 of the Dungeon)
 K - a +0 chain mail
   (You found it on level 3 of the Dungeon)
 O - a +0 leather armour
   (You found it on level 4 of the Dungeon)
 Q - a +0 leather armour
   (You took it off a gnoll on level 4 of the Dungeon)
 W - a +2 cloak of preservation (worn)
   (You bought it in a shop on level 3 of the Dungeon)
Jewellery
 e - a ring of flight
   (You found it on level 1 of the Dungeon)
 i - a ring of see invisible (right hand)
   (You found it on level 1 of the Dungeon)
 j - a ring of fire
   (You found it on level 1 of the Dungeon)
 n - a ring of protection from cold
   (You found it on level 7 of the Dungeon)
 o - an amulet of guardian spirit (around neck)
   (You found it on level 1 of the Dungeon)
 M - a ring of protection from cold
   (You found it on level 3 of the Dungeon)
 P - a +4 ring of protection (left hand)
   (You found it on level 4 of the Dungeon)
 V - an amulet of regeneration {@e2}
   (You found it on level 4 of the Dungeon)
Wands
 w - a wand of paralysis (3)
   (You took it off Ijyb on level 3 of the Dungeon)
 y - a wand of mindburst (6)
   (You found it on level 3 of the Dungeon)
 R - a wand of iceblast (4)
   (You found it on level 4 of the Dungeon)
 Y - a wand of polymorph (8)
   (You found it on level 5 of the Dungeon)
 Z - a wand of flame (39)
   (You found it on level 5 of the Dungeon)
Scrolls
 f - 5 scrolls of identify {unknown}
 h - 3 scrolls of blinking {unknown}
 m - a scroll of torment {unknown}
 q - a scroll of teleportation {unknown}
 G - 2 scrolls of enchant weapon {unknown}
 L - a scroll of immolation {unknown}
 N - a scroll of silence {unknown}
 X - a scroll of enchant armour {unknown}
Potions
 g - 2 potions of brilliance
 l - 3 potions of haste {unknown}
 r - a potion of lignification {unknown}
 t - a potion of cancellation {unknown}
 C - a potion of resistance {unknown}
 J - 2 potions of attraction {unknown}
 U - 2 potions of heal wounds {unknown}

Dungeon Overview and Level Annotations

Branches:
Dungeon (7/15)             Temple (0/1) D:7

Altars:
Okawaru
The Shining One

Shops:
D:3 [ D:7

*
#...#...#...#.#########......
#.#...#.#.#.#..ยง)............
..##.##...#..####............
# ... ..#.#.## #..........8.
#.# #.##...# #K.).......<# ..
.....#.# #KKo.....8.โˆฉ. ##.##
#oK.......... ....
#####oK........8. .###
#...@W...........
#....#########...... ###
...... ...... ...... ...


You could see a phantom, a kobold brigand, 2 orc priests, an orc and 4 kobolds.


Message History

You block the killer bee's attack. ๐Ÿ˜Ž HP[+1]
Your hp is fully restored (54).
You puncture the killer bee!
You kill the killer bee!
The orc priest begins to cast a cantrip, but forgets the words!
The kobold throws a stone.
You block the stone.
Your life force feels restored.
You now have 55 max hp (+1).
You block the kobold's attack.
You puncture the kobold!
You kill the kobold!
You block the killer bee's attack.
The orc priest miscasts a cantrip.
You hit the killer bee. Your kick misses the killer bee.
Your peck misses the killer bee. The killer bee barely misses you.
You block the killer bee's attack.
You hit the killer bee. Your kick misses the killer bee.
You peck the killer bee. You block the killer bee's attack.
You hit the killer bee. The killer bee misses you.
The killer bee stings you but does no damage. ๐Ÿ˜Ž HP[+1]
Your hp is fully restored (55).
You puncture the killer bee!
You kill the killer bee!
The killer bee misses you.
You puncture the killer bee! The killer bee misses you.
The killer bee barely misses you.
The orc priest mumbles some strange prayers to Beogh against you.
Beogh smites you! ๐Ÿ˜• HP[-8] MP[-4]
You take 8 damage, and now have 47/55 hp.
You lost 4 mp, and now have 21/25 mp.
You puncture the killer bee!
You kill the killer bee!
The orc priest calls down the wrath of Beogh upon you.
Beogh smites you!
The kobold throws a stone.
The stone barely misses you. ๐Ÿ˜ฎ HP[-9] MP[-4]
You take 9 damage, and now have 38/55 hp.
You lost 4 mp, and now have 17/25 mp.
The kobold hits you but does no damage.
You are poisoned.
The phantom barely misses you.
Items here: ( ) โ€ โ€ .
You feel very sick. ๐Ÿ˜ฎ HP[-3]
You take 3 damage, and now have 35/55 hp.
You feel sick.
You feel sick. ๐Ÿ˜ฎ HP[-1]
You take 1 damage, and now have 34/55 hp.
You puncture the phantom!
You feel sick.
The orc priest mumbles some strange prayers to Beogh against you.
Beogh smites you!
* * * LOW HITPOINT WARNING * * *
๐Ÿ˜จ HP[-10] MP[-3]
You take 10 damage, and now have 24/55 hp.
You lost 3 mp, and now have 14/25 mp.
You hit the phantom but do no damage. You claw the phantom!
You feel sick.
You block the phantom's attack. ๐Ÿ˜จ HP[-1]
You take 1 damage, and now have 23/55 hp.
You hit the phantom. Your kick misses the phantom. You peck the phantom.
You feel sick. The phantom hits you.
* * * LOW HITPOINT WARNING * * *
The phantom blinks!
You blink.
Found a Fen Folio.
Found Peddeyh's General Store.
Found an escape hatch in the ceiling.
The orc throws a boomerang.
You block the boomerang. ๐Ÿ˜จ HP[-3] MP[-2]
You take 3 damage, and now have 20/55 hp.
You lost 2 mp, and now have 12/25 mp.
You feel sick.
You block the kobold's attack. ๐Ÿ˜จ HP[-1]
You take 1 damage, and now have 19/55 hp.
You feel sick.
The orc priest calls down the wrath of Beogh upon you.
Pain shoots through your body!
* * * LOW HITPOINT WARNING * * *
๐Ÿ˜ฑ HP[-9] MP[-6]
You take 9 damage, and now have 10/55 hp.
You lost 6 mp, and now have 6/25 mp.
You feel sick.
You are no longer poisoned. ๐Ÿ˜ฑ MP[+1]
The kobold throws a poisoned dart.
The poisoned dart hits you!
You are lethally poisoned!
The orc priest invokes the aid of Beogh against you.
Beogh smites you!
* * * LOW HITPOINT WARNING * * *
๐Ÿ˜ฑ HP[-9] MP[-5]
You take 9 damage, and now have 1/55 hp.
You lost 5 mp, and now have 2/25 mp.
You feel better.
The kobold throws a poisoned dart.
The poisoned dart completely misses you.
You block the orc priest's attack.
The orc priest mumbles some strange prayers to Beogh against you.
Beogh smites you!
You die...

Skill      XL: |  1  2  3  4  5  6  7  8  9 |
---------------+----------------------------+-----
Dodging        | 1 2 3 5 |  5.7
Short Blades   | 3 |  3.6
Armour         | 4 5 6 |  6.8
Spellcasting   | 1 2 4 |  4.6
Fighting       | 4 5 6 |  6.2
Shields        | 4 5 6 |  6.2

Action                   |  1- 3 |  4- 6 |  7- 9 || total
-------------------------+-------+-------+-------++-------
Melee: Rapier            |    85 |    63 |       ||   148
       Kick              |    18 |    12 |    72 ||   102
       Peck              |     3 |    14 |    47 ||    64
       Demon trident     |       |    14 |   158 ||   172
       Dagger            |       |       |    93 ||    93
Evoke: Wand              |       |     7 |       ||     7
  Use: Potion            |       |       |     3 ||     3
Armor: Scale mail        |    36 |    18 |   108 ||   162
Dodge: Dodged            |    44 |    28 |   150 ||   222
Block: Buckler           |    30 |    12 |    87 ||   129

Levels and vault maps discovered:
D:1:      matt_arrival_refuge, layout_loops_ring,
          hellmonk_ecumenical_altar_inner_sanctum
D:2:      layout_basic, chequers_serial_rivers_micro_e
D:3:      layout_rooms, mainiacjoe_overflow_24_doors, serial_shops,
          nicolae_shop_waterfront, serial_bayou_pond_a, minmay_statues_item,
          minmay_misc_feat_chi, minmay_increasing_density, uniq_ijyb,
          uniq_grinder, uniq_jessica
D:4:      layout_layer_cave
D:5:      minmay_recursive_quarters, layout_loops_ring,
          nicolae_tso_besieged_by_evil
D:6:      layout_rooms, kennysheep_generic_room_8
D:7:      layout_basic, fedhas_altar_1, minmay_temple_entry_butterflies,
          serial_shops, nicolae_shop_statue_plus,
          nicolae_concentric_dashed_squares_mild, nicolae_figureground_sparkle

Notes
Turn   | Place    | Note
-------+----------+-------------------------------------------
     0 | D:1      | mcwallace the Tengu Fighter began the quest for the Orb.
     0 | D:1      | Reached XP level 1. HP: 14/14 MP: 2/2
     0 | D:1      | magus.rc [v1.9.6]
   217 | D:1      | Reached XP level 2. HP: 15/19 MP: 3/3
   281 | D:1      | Found a faded altar of an unknown god.
   398 | D:1      | Reached skill level 1 in Dodging
   505 | D:1      | Reached XP level 3. HP: 23/23 MP: 4/4
   714 | D:1      | You pick up a book of Changes and begin reading...
   714 | D:1      | You add the spells Beastly Appendage, Wereblood and Spider
                  | Form to your library.
  1309 | D:2      | Reached XP level 4. HP: 28/28 MP: 3/5
  1701 | D:3      | Noticed Ijyb
  1720 | D:3      | Paralysed by Ijyb for 7 turns
  1730 | D:3      | Paralysed by Ijyb for 6 turns
  1737 | D:3      | Killed Ijyb
  2013 | D:3      | Noticed Grinder
  2053 | D:3      | Paralysed by Grinder for 4 turns
  2057 | D:3      | Killed Grinder
  2058 | D:3      | Reached skill level 3 in Short Blades
  2058 | D:3      | Reached skill level 4 in Armour
  2058 | D:3      | Reached skill level 2 in Dodging
  2058 | D:3      | Reached skill level 1 in Spellcasting
  2058 | D:3      | Gained mutation: Your magical nature lets you fly swiftly
                  | and evasively. [Tengu growth]
  2058 | D:3      | Reached XP level 5. HP: 13/33 MP: 5/8
  2058 | D:3      | Reached XP level 6. HP: 15/38 MP: 5/9
  2331 | D:3      | Found Xomobb's Antique Armour Shoppe.
  2536 | D:3      | Found an iron altar of Okawaru.
  2618 | D:3      | Noticed Jessica
  2625 | D:3      | Killed Jessica
  2626 | D:3      | Reached skill level 4 in Fighting
  2626 | D:3      | Reached skill level 4 in Shields
  3272 | D:4      | Reached skill level 2 in Spellcasting
  3272 | D:4      | Reached XP level 7. HP: 34/43 MP: 7/11
  3273 | D:4      | Reached skill level 3 in Dodging
  4080 | D:4      | Reached skill level 5 in Armour
  4478 | D:3      | Bought an embroidered cloak for 195 gold pieces
  4547 | D:5      | Entered Level 5 of the Dungeon
  4821 | D:5      | Reached XP level 8. HP: 37/48 MP: 10/13
  4974 | D:5      | Reached skill level 3 in Spellcasting
  5045 | D:5      | Reached skill level 4 in Dodging
  5047 | D:5      | Reached skill level 5 in Fighting
  5047 | D:5      | Reached skill level 5 in Shields
  5067 | D:5      | You pick up a book of Armaments and begin reading...
  5067 | D:5      | You add the spells Stone Arrow, Animate Armour and
                  | Lehudib's Crystal Spear to your library.
  5119 | D:5      | HP: 11/49 [ogre/+0 giant club (12)]
  5444 | D:5      | Reached skill level 6 in Armour
  5530 | D:5      | Found a glowing golden altar of the Shining One.
  5738 | D:5      | You pick up a book of Air and begin reading...
  5738 | D:5      | You add the spells Shock, Swiftness and Airstrike to your
                  | library.
  5887 | D:6      | Reached skill level 4 in Spellcasting
  5904 | D:6      | Identified the +11 dagger of Beogh's Hope {vorpal, MP+9}
  5918 | D:6      | Reached skill level 5 in Dodging
  5935 | D:6      | Reached XP level 9. HP: 47/54 MP: 16/16
  6074 | D:6      | You pick up a book of Conjurations {@e2} and begin
                  | reading...
  6074 | D:6      | You add the spells Magic Dart, Searing Ray and Fulminant
                  | Prism to your library.
  6238 | D:6      | Reached skill level 6 in Shields
  6259 | D:6      | Reached skill level 6 in Fighting
  6426 | D:7      | Found a staircase to the Ecumenical Temple.
  6611 | D:7      | Found Peddeyh's General Store.
  6613 | D:7      | HP: 10/55 [orc priest/nerve-wracking pain (8)]
  6616 | D:7      | HP: 1/55 [orc priest/divine providence (9)]
  6617 | D:7      | Killed from afar by an orc priest

Vanquished Creatures
  Grinder (D:3)
  A water moccasin (D:5)
  An orc warrior (D:6)
  2 ogres
  An ice beast (D:5)
  A necrophage (D:5)
  2 centaurs (D:5)
  A phantom (D:6)
  A scorpion (D:5)
  A water moccasin zombie (D:5)
  A wyvern skeleton (D:6)
  A water moccasin skeleton (D:4)
  4 killer bees (D:7)
  4 wights (D:7)
  A howler monkey (D:6)
  A centaur zombie (D:5)
  A jelly (D:5)
  A quasit (D:5)
  2 hounds
  An orc priest (D:6)
  A gnoll shaman (D:6)
  A bullfrog skeleton (D:5)
  Jessica (D:3)
  A centaur skeleton (D:5)
  4 iguanas
  Ijyb (D:3)
  2 orc wizards
  A hound skeleton (D:4)
  A hound zombie (D:5)
  16 gnolls
  5 adders
  A howler monkey skeleton (D:5)
  A shadow imp (D:5)
  2 worms (D:2)
  6 dart slugs
  13 orcs
  4 bats
  7 endoplasms
  3 giant cockroaches
  6 goblins
  5 hobgoblins
  7 jackals
  10 kobolds
  3 quokkas
  10 ball pythons
  2 frilled lizards
  A goblin zombie (D:5)
  A hobgoblin zombie (D:5)
  A kobold zombie (D:5)
  2 orc skeletons (D:5)
  3 orc zombies (D:5)
  4 rats
  A butterfly (D:7)
156 creatures vanquished.

Vanquished Creatures (others)
  2 plants (D:3)
2 creatures vanquished.

Grand Total: 158 creatures vanquished

Table legend:
 A = Non-vault XP
 B = Vault XP
 C = Vault XP percentage of total XP
 D = Non-vault monster count
 E = Vault monster count
 F = Vault count percentage of total count
                 A         B        C        D         E       F
            +---------+---------+-------+---------+---------+-------
      Total |    2318 |    1093 |  32.0 |     128 |      27 |  17.4
            +---------+---------+-------+---------+---------+-------
        D:1 |      51 |       0 |   0.0 |      24 |       0 |   0.0
        D:2 |      40 |       0 |   0.0 |      12 |       0 |   0.0
        D:3 |      89 |     336 |  79.1 |      22 |       6 |  21.4
        D:4 |     411 |       0 |   0.0 |      27 |       0 |   0.0
        D:5 |     554 |     757 |  57.7 |      12 |      21 |  63.6
        D:6 |     687 |       0 |   0.0 |      21 |       0 |   0.0
        D:7 |     486 |       0 |   0.0 |      10 |       0 |   0.0
            +---------+---------+-------+---------+---------+-------

Illustrated notes

Table legend:
 A = Kills in this place as a percentage of kills in entire the game.
 B = Kills by you in this place as a percentage of kills by you in the entire game.
 C = Kills by friends in this place as a percentage of kills by friends in the entire game.
 D = Other kills in this place as a percentage of other kills in the entire game.
 E = Experience gained in this place as a percentage of experience gained in the entire game.
 F = Experience gained in this place divided by the number of levels of this place that you have seen.
                   A       B       C       D       E      F
               +-------+-------+-------+-------+-------+----------------------
         Total | 100.0 | 100.0 |   N/A |   N/A | 100.0 | 487.3
       Dungeon | 100.0 | 100.0 |   N/A |   N/A | 100.0 | 487.3
               +-------+-------+-------+-------+-------+----------------------

Table legend: (Time is in decaauts)
 A = Elapsed time spent in this place.
 B = Non-inter-level travel time spent in this place.
 C = Inter-level travel time spent in this place.
 D = Time resting spent in this place.
 E = Time spent auto-exploring this place.
 F = Levels seen in this place.
 G = Mean time per level.
                   A        B        C        D        E       F      G
               +--------+--------+--------+--------+--------+-----+--------+
         Total |   6404 |   6129 |    275 |    219 |   4878 |   7 |  914.9 |
       Dungeon |   6404 |   6129 |    275 |    219 |   4878 |   7 |  914.9 |
               +--------+--------+--------+--------+--------+-----+--------+

Top non-repeatable levels by time:
     D:3: 1459 daAuts
     D:5: 1291 daAuts
     D:4: 1263 daAuts
     D:1: 892 daAuts
     D:2: 812 daAuts
     D:6: 492 daAuts
     D:7: 193 daAuts
